Map: Black Site 2E

Players

tglanz - Winner!

  • Race: Terran Terran
  • Spawn Location: 9:00

Enjoý - Winner!

  • Race: Protoss Protoss
  • Spawn Location: 11:00

Tungsten - Winner!

  • Race: Terran Terran
  • Spawn Location: 12:00

VOD

Have the link to the VOD?

Description

Time

  • Played on: June 18, 2018, 2:36 p.m.
  • Length: 19:52
Show
View Real Time Build Order
Export as new Build Order

tglanz Terran - Winner!

Build Orders:  

Get SALT Encoding   

  12  0:01  SCV  
  13  0:18  SCV  
  14  0:29  Supply Depot  
  14  0:35  SCV  
  15  0:43  Refinery  
  15  0:59  SCV  
  16  1:13  Barracks  
  16  1:18  SCV  
  17  1:35  SCV  
  18  1:51  SCV  
  19  2:19  Orbital Command  
  19  2:28  Command Center  
  19  2:39  Refinery  
  19  2:43  Supply Depot  
  19  3:03  Factory  
  19  3:06  SCV  
  20  3:23  SCV  
  21  3:32  Barracks  
  21  3:42  Barracks Tech Lab  
  21  3:49  SCV  
  22  3:59  Barracks Tech Lab  
  22  4:07  Factory Reactor  
  22  4:10  SCV  
  22  4:11  Orbital Command  
  23  4:26  Barracks  
  23  4:44  Barracks Reactor  
  23  4:47  Supply Depot  
  23  5:10  SCV x2  
  23  5:12  Siege Tank  
  23  5:15  Marine x2  
  29  5:44  Siege Tank  
  27  5:50  Marine x3  
  27  5:51  Marine  
  28  6:07  Siege Tank  
  20  6:13  SCV  
  21  6:21  Orbital Command  
  21  6:30  SCV  
  22  6:56  Marine  
  22  6:57  Marine  
  22  6:58  Marine x2  
  22  6:59  Marine  
  27  7:03  Siege Tank  
  27  7:05  SCV  
  27  7:06  SCV  
  32  7:22  SCV  
  32  7:23  SCV  
  34  7:36  Barracks Tech Lab  
  34  7:39  Marine x2  
  36  7:40  Marine x2  
  38  8:00  SCV x2  
  40  8:28  Marine x3  
  40  8:29  Marine x2  
  45  8:31  Stimpack  
  45  8:32  Siege Tank  
  45  8:38  Command Center  
  48  8:43  SCV x2  
  48  8:48  Starport  
  50  9:00  SCV x2  
  50  9:03  Marine  
  50  9:04  Marine  
  54  9:45  Supply Depot  
  54  10:15  SCV x2, Marine x5  
  54  10:16  Siege Tank  
  54  10:18  Siege Tank  
  64  10:28  Medivac  
  63  11:07  Marine x4  
  63  11:08  Marine  
  68  11:16  Siege Tank  
  71  11:23  SCV x2  
  73  11:37  Refinery  
  73  11:40  Refinery, SCV x2  
  73  11:41  Starport Reactor  
  75  11:54  Marine x2  
  77  12:02  Unknown  
  77  12:26  Supply Depot  
  77  12:50  Supply Depot  
  77  12:51  Supply Depot  
  77  12:56  Siege Tank, SCV x2, Marine x3  
  85  13:05  Orbital Command  
  85  13:11  Siege Tank x5  
  85  13:20  SCV x2, Marine x2  
  85  13:21  Supply Depot  
  85  13:22  Refinery  
  85  13:24  Supply Depot  
  89  14:24  Siege Tank  
  89  14:25  Siege Tank x3  
  66  15:12  Siege Tank x2  
  66  15:13  Siege Tank x2  
  66  15:15  SCV  
  66  15:16  SCV x2  
  69  15:41  Command Center  
  69  15:42  Starport  
  69  15:44  Fusion Core  
  69  15:48  Starport  
  69  15:54  Marine x2, Barracks  
  69  15:55  Barracks, Marine x2  
  73  16:02  Barracks  
  73  16:18  SCV x3  
  76  16:41  Supply Depot  
  76  16:42  Starport Tech Lab  
  76  16:43  Starport Reactor, Supply Depot  
  76  16:44  Supply Depot  
  76  16:48  Supply Depot  
  76  16:51  Command Center  
  76  16:56  Marine x4  
  80  17:05  Barracks Reactor  
  79  17:12  Barracks Tech Lab  
  79  17:26  Marine x4  
  79  17:27  Marine  
  79  17:28  Siege Tank  
  79  17:29  Medivac  
  88  17:30  Medivac  
  88  17:36  Siege Tank  
  88  17:37  Siege Tank x3  
  90  17:44  Barracks Reactor  
  90  17:47  Marine  
  91  17:50  Marine  
  91  17:51  Marine x4  
  96  18:00  SCV  
  96  18:01  SCV  
  96  18:02  SCV  
  99  18:12  Marine  
  99  18:15  Marine  
  99  18:16  Marine x4  
  105  18:37  Marine  
  106  18:40  Marine  
  106  18:41  Marine x4  
  111  19:02  Marine  
  111  19:06  Marine  
  113  19:23  Unknown  
Show
View Real Time Build Order
Export as new Build Order

Enjoý Protoss - Winner!

Build Orders:  

Get SALT Encoding   

  1  0:00  Probe (Chrono Boost)  
  13  0:11  Probe (Chrono Boost)  
  14  0:24  Probe (Chrono Boost)  
  15  0:36  Pylon  
  15  0:44  Assimilator  
  15  0:55  Assimilator  
  15  1:03  Probe (Chrono Boost)  
  16  1:15  Gateway  
  16  1:19  Probe (Chrono Boost)  
  17  1:30  Probe (Chrono Boost)  
  18  1:41  Probe (Chrono Boost)  
  19  1:57  Probe (Chrono Boost)  
  20  2:14  Probe (Chrono Boost)  
  21  2:22  Cybernetics Core  
  21  2:32  Pylon  
  21  2:36  Probe (Chrono Boost)  
  22  2:53  Probe (Chrono Boost)  
  23  3:19  Stargate  
  23  3:21  Stargate  
  23  3:27  Pylon  
  23  3:50  Nexus  
  23  3:53  Probe (Chrono Boost)  
  24  4:04  Probe (Chrono Boost)  
  24  4:07  Void Ray  
  29  4:42  Void Ray  
  33  5:07  Void Ray  
  38  6:41  Probe (Chrono Boost)  
  38  6:48  Pylon  
  38  6:51  Pylon  
  38  6:57  Probe (Chrono Boost)  
  38  6:58  Fleet Beacon  
  39  7:07  Stargate  
  39  7:14  Assimilator, Probe (Chrono Boost)  
  40  7:21  Assimilator  
  40  7:26  Probe (Chrono Boost)  
  41  7:38  Probe (Chrono Boost)  
  42  7:51  Probe (Chrono Boost)  
  43  8:08  Probe (Chrono Boost)  
  44  8:13  Carrier x2  
  56  8:25  Probe (Chrono Boost)  
  57  8:54  Assimilator  
  57  8:59  Nexus  
  57  9:04  Assimilator  
  57  9:06  Probe (Chrono Boost)  
  58  9:11  Pylon  
  58  9:12  Pylon  
  58  9:17  Pylon  
  58  9:20  Pylon  
  58  9:23  Probe (Chrono Boost)  
  60  9:40  Probe (Chrono Boost)  
  60  9:48  Carrier x2  
  60  9:53  Carrier  
  74  11:57  Graviton Catapult  
  74  12:12  Carrier x2  
  74  12:13  Carrier  
  74  12:39  Protoss Air Weapons Level 1  
  92  13:03  Nexus  
  92  13:24  Assimilator  
  92  13:26  Assimilator  
  92  13:35  Pylon  
  92  13:38  Pylon  
  81  15:11  Protoss Air Weapons Level 2  
  81  15:22  Carrier x2  
  81  15:23  Carrier  
Show
View Real Time Build Order
Export as new Build Order

Tungsten Terran - Winner!

Build Orders:  

Get SALT Encoding   

  12  0:02  SCV  
  13  0:19  SCV  
  14  0:29  Supply Depot  
  14  0:57  SCV  
  15  1:14  SCV  
  16  1:29  Command Center  
  16  1:31  SCV  
  17  1:48  SCV  
  18  1:52  Barracks  
  18  2:05  SCV  
  19  2:22  SCV  
  20  2:31  Refinery  
  20  2:33  Refinery  
  20  2:39  SCV  
  21  2:56  SCV  
  22  3:01  Supply Depot  
  22  3:11  SCV  
  23  3:22  Supply Depot  
  23  3:27  Orbital Command  
  23  3:29  Orbital Command  
  23  3:36  Factory  
  23  3:56  Barracks Tech Lab  
  23  4:03  SCV  
  24  4:14  Refinery  
  24  4:17  Refinery  
  24  4:28  SCV x2  
  26  4:42  Supply Depot  
  26  4:51  Barracks Reactor  
  26  5:04  SCV x2  
  26  5:08  Siege Tank  
  31  5:21  SCV x2  
  33  5:33  Starport  
  33  5:42  Marine x2  
  35  6:34  Siege Tank  
  35  6:35  Siege Tank  
  38  6:41  Starport Reactor  
  38  6:45  Starport Tech Lab  
  38  6:51  SCV x2  
  40  7:06  Factory  
  40  7:08  Armory  
  40  7:10  Armory  
  40  7:29  Siege Tank  
  46  7:45  Marine x2  
  48  8:08  Factory Tech Lab  
  48  8:11  Factory  
  48  8:16  Siege Tank  
  48  8:19  SCV x2  
  53  8:23  Terran Vehicle Weapons Level 1  
  53  8:24  Terran Vehicle And Ship Armor Level 1  
  53  8:39  Unknown  
  53  8:43  Viking  
  55  9:25  Banshee  
  58  9:30  SCV x2  
  60  9:42  Starport  
  60  9:50  Factory Tech Lab  
  60  9:52  Command Center  
  60  9:54  Supply Depot  
  60  9:58  Siege Tank, Supply Depot  
  62  10:03  Supply Depot  
  62  10:05  Supply Depot  
  62  10:06  Supply Depot  
  62  10:08  Supply Depot  
  62  10:24  Siege Tank  
  65  10:38  Supply Depot  
  58  10:40  Siege Tank x3  
  58  10:42  Siege Tank  
  59  11:12  Banshee  
  62  11:21  Siege Tank x2  
  62  11:27  Siege Tank  
  71  11:51  SCV x2  
  73  12:02  Orbital Command  
  73  12:06  Thor x2  
  73  12:08  SCV x2  
  87  12:12  Thor  
  93  12:29  Siege Tank  
  93  13:22  Siege Tank x3  
  102  13:54  Siege Tank x9  
  102  14:12  Thor x2  
  102  14:13  Thor  
  120  14:23  Terran Vehicle Weapons Level 2  
  120  14:24  Terran Vehicle And Ship Armor Level 2  
  120  14:28  SCV x2  
  120  14:29  SCV  
  123  14:35  Refinery  
  123  14:43  Siege Tank x3  
  123  14:58  Siege Tank x3  
  123  15:15  Siege Tank x3  
  123  15:34  Siege Tank x3  
  123  16:03  Siege Tank x3  
  123  16:09  Siege Tank x3  
  123  16:16  Supply Depot  
  123  16:17  Supply Depot x2  
  123  16:19  Supply Depot x2  
  123  16:20  Siege Tank x2, Supply Depot  
  123  16:22  Supply Depot  
  123  16:37  Siege Tank  
  123  16:38  Siege Tank  
  123  16:41  Siege Tank  
  123  17:21  Thor  
  123  17:23  Thor  
  123  17:26  Thor  
  141  17:31  Siege Tank x4  
  141  17:32  Siege Tank  
  119  18:21  Thor  
  119  18:26  Thor  
  137  18:32  Hellbat  
  133  19:02  Hellbat  
  133  19:07  Viking  
  137  19:21  Hellbat  
Tags
 
Add a new tag
Caveats
  • Supply blocks, unpowered buildings, or Contaminate may cause inaccurate times.
  • Supply counts are checked every 10 seconds.